 Dungeon Crawl Stone Soup version 0.17.1-1-g73c8601 (webtiles) character file.

104 lucasterio the Cudgeler (level 4, 0/52 HPs)
             Began as a Demonspawn Berserker on Dec 19, 2015.
             Was a Believer of Trog.
             Slain by a gnoll
             ... wielding a +0 halberd
              (4 damage)
             ... on level 3 of the Dungeon.
             The game lasted 00:03:10 (1208 turns).

lucasterio the Cudgeler (Demonspawn Berserker)      Turns: 1208, Time: 00:03:10

Health: 0/52       AC:  4    Str: 23    XL:     4   Next: 52%
Magic:  4/4        EV: 12    Int:  9    God:    Trog [**....]
Gold:   53         SH:  0    Dex: 12    Spells: 0 memorised, 3 levels left

rFire  . . .     SeeInvis .     a - +0 mace
rCold  + . .     Clarity  .     b - +0 animal skin
rNeg   . . .     SustAt   .     (no shield)
rPois  .         Gourm    .     (no helmet)
rElec  .         Spirit   .     (no cloak)
rCorr  .         Warding  .     (no gloves)
rMut   .         Stasis   .     (no boots)
MR     .....                    (no amulet)
Stlth  ..........               (no ring)
                                (no ring)

@: berserking (expiring), very quick, not resistant to hostile enchantments,
extremely unstealthy
A: hooves 1, thin metallic scales 1, cold resistance 1
a: Berserk, Trog's Hand, Burn Spellbooks, Renounce Religion


You were on level 3 of the Dungeon.
You worshipped Trog.
Trog was pleased with you.
You were hungry.

You visited 1 branch of the dungeon, and saw 4 of its levels.

You collected 53 gold pieces.

Inventory:

Hand Weapons
 a - a +0 mace (weapon)
Missiles
 k - 16 arrows
Armour
 b - a +0 animal skin (worn)
Scrolls
 g - a scroll of enchant armour {unknown}
 h - 2 scrolls of identify {unknown}
 i - a scroll of noise {unknown}
Potions
 e - a potion of curing {unknown}
 j - a potion of magic {unknown}
Comestibles
 c - a bread ration
 d - 3 chunks of flesh
 f - a meat ration


   Skills:
 - Level 3.0 Fighting
 * Level 4.4 Maces & Flails
 + Level 2.6 Armour
 - Level 1.7 Dodging


You had 3 spell levels left.
You didn't know any spells.

Dungeon Overview and Level Annotations

Branches:
Dungeon (4/15)
 Temple: D:4-7

Altars:
The Shining One


Innate Abilities, Weirdness & Mutations

You have large cloven feet.
You are partially covered in thin metallic scales (AC +2).
Your flesh is cold resistant.


Message History

You feel yourself moving faster!
You feel mighty!
You are feeling hungry.
The bat hits you.
* * * LOW HITPOINT WARNING * * *
The bat closely misses you. The gnoll closely misses you.
The gnoll barely misses you.
You are too injured to fight recklessly!
You are too injured to fight recklessly!
You are too injured to fight recklessly!
You thump the gnoll!
You kill the gnoll!
Trog accepts your kill. The bat closely misses you.
The gnoll hits you from afar with a halberd.
* * * LOW HITPOINT WARNING * * *
Things that are here:
a club x2
You barely miss the gnoll. The bat completely misses you.
The gnoll hits you with a halberd.
You die...

#......# ....#
#......## ...g.
#######...#
....
+.........#####
....
#####.........#
. #.........#
###.........+
#...).......##
#.....@g......
#......b.....#
#.$..........#
#......#####.#
#......# #
#......#
#......#
#......#
########


You could see a gnoll and a bat.

Vanquished Creatures
  Jessica (D:3)
  3 gnolls (D:3)
  An adder (D:1)
  4 giant cockroaches (D:1)
  5 hobgoblins (D:1)
  8 jackals
  3 bats
  7 goblins (D:1)
  3 kobolds (D:1)
  3 rats
38 creatures vanquished.

Notes
Turn   | Place    | Note
--------------------------------------------------------------
     0 | D:1      | lucasterio the Demonspawn Berserker began the quest for the Orb.
     0 | D:1      | Reached XP level 1. HP: 18/18 MP: 1/1
   103 | D:1      | Gained mutation: You are partially covered in thin metallic scales (AC +2). [demonic ancestry]
   103 | D:1      | Reached XP level 2. HP: 12/24 MP: 2/2
   353 | D:1      | Reached ** piety under Trog
   353 | D:1      | Gained mutation: Your flesh is cold resistant. [demonic ancestry]
   353 | D:1      | Reached XP level 3. HP: 18/29 MP: 3/3
   803 | D:2      | Found a glowing golden altar of the Shining One.
  1101 | D:2      | You fall through a shaft for 2 floors!
  1125 | D:3      | Noticed Jessica
  1132 | D:3      | Killed Jessica
  1132 | D:3      | Reached skill level 4 in Maces & Flails
  1132 | D:3      | Gained mutation: You have large cloven feet. [demonic ancestry]
  1132 | D:3      | Reached XP level 4. HP: 35/35 MP: 4/4
  1208 | D:3      | Slain by a gnoll

Action                   |  1- 3 |  4- 6 || total
-------------------------+-------+-------++-------
Melee: Mace              |    99 |    22 ||   121
Invok: Berserk           |     1 |     1 ||     2
 Stab: Sleeping          |     2 |       ||     2
  Eat: Chunk             |     1 |     1 ||     2
